 Dungeon Crawl Stone Soup version 0.24-a0-106-gcea5463 (webtiles) character file.

Game seed: 0

9566 snowfan the Thaumaturge (level 11, -8/54 HPs)
             Began as a Deep Elf Fire Elementalist on Feb 14, 2019.
             Was a Priest of Vehumet.
             Mangled by an unseen horror (10 damage)
             ... on level 10 of the Dungeon.
             The game lasted 01:25:57 (13458 turns).

snowfan the Thaumaturge (DEFE)                     Turns: 13458, Time: 01:25:58

Health: -8/54      AC:  6    Str:  5    XL:     11   Next: 24%
Magic:  15/29      EV: 19    Int: 26    God:    Vehumet [***...]
Gold:   149        SH:  0    Dex: 15    Spells: 6/34 levels left

rFire    + . .     SeeInvis .   j - +2 short sword (venom)
rCold    x . .     Gourm    .   (no shield)
rNeg     . . .     Faith    .   K - +2 robe {MR+}
rPois    .         Spirit   .   v - +0 helmet
rElec    .         Reflect  .   k - +0 cloak (curse)
rCorr    .         Harm     +   (no gloves)
MR       ++...                  (no boots)
Stlth    ++........             i - amulet of harm
HPRegen  0.18/turn              e - +2 ring of intelligence
MPRegen  0.21/turn              h - ring of fire

@: very slightly contaminated, invisible
A: no striking features
a: Renounce Religion


You were on level 10 of the Dungeon.
You worshipped Vehumet.
Vehumet was most pleased with you.
You were not hungry.

You visited 2 branches of the dungeon, and saw 11 of its levels.

You collected 357 gold pieces.
You spent 208 gold pieces at shops.

Inventory:

Hand Weapons
 j - a +2 short sword of venom (weapon)
Missiles
 b - 46 sling bullets
 d - 206 stones (quivered)
Armour
 k - a cursed +0 cloak (worn)
 v - a +0 helmet (worn)
 K - a +2 robe of magic resistance (worn)
Magical Staves
 F - an uncursed staff of summoning
Jewellery
 e - a +2 ring of intelligence (left hand)
 h - a ring of fire (right hand)
 i - an amulet of harm (around neck)
 q - a +4 ring of strength
 u - an uncursed ring of flight
 w - an uncursed ring of fire
 D - an uncursed ring of poison resistance
 E - a cursed -3 ring of dexterity
 H - a +3 ring of slaying
 M - a +3 ring of dexterity
 P - an uncursed ring of magical power
Wands
 s - a wand of iceblast (11)
 B - a wand of flame (15)
 L - a wand of clouds (6)
Scrolls
 a - a scroll of blinking {unknown}
 g - 3 scrolls of teleportation
 n - 9 scrolls of identify {unknown}
 o - 3 scrolls of fear {unknown}
 r - 2 scrolls of enchant weapon {unknown}
 t - 2 scrolls of immolation {unknown}
 y - 5 scrolls of remove curse {unknown}
 z - a scroll of enchant armour {unknown}
 A - 2 scrolls of amnesia {unknown}
 C - 2 scrolls of fog
 I - a scroll of acquirement {unknown}
 N - a scroll of silence {unknown}
Potions
 f - 4 potions of curing
 l - 2 potions of might {unknown}
 m - 3 potions of flight {unknown}
 p - 2 potions of agility {unknown}
 x - a potion of resistance {unknown}
 G - 2 potions of ambrosia {unknown}
 J - a potion of haste
Comestibles
 c - 10 rations


   Skills:
 + Level 9.6 Dodging
 - Level 2.4 Stealth
 - Level 12.2 Spellcasting
 + Level 10.1 Conjurations
 - Level 3.0 Hexes
 + Level 10.1 Fire Magic


You had 6 spell levels left.
You knew the following spells:

 Your Spells              Type           Power        Failure   Level  Hunger
a - Flame Tongue          Conj/Fire      #####        1%          1    None
b - Dazzling Spray        Conj/Hex       ######       1%          3    None
c - Sticky Flame          Conj/Fire      #######.     1%          4    None
d - Conjure Flame         Conj/Fire      #######.     1%          3    None
e - Fulminant Prism       Conj/Hex       ######....   1%          4    None
f - Fireball              Conj/Fire      #######...   1%          5    ###....
s - Throw Flame           Conj/Fire      ######       1%          2    None
v - Static Discharge      Conj/Air       #####...     1%          3    None
x - Inner Flame           Hex/Fire       ######..     1%          3    None

Your spell library contained the following spells:

 Spells                   Type           Power        Failure   Level  Hunger
 Ignite Poison            Fire/Tmut/Pois ######..     1%          3    None
 Magic Dart               Conj           ####         1%          1    None
 Searing Ray              Conj           ######       1%          2    None
 Force Lance              Conj/Tloc      #####...     1%          4    None
 Iskenderun's Mystic Bla  Conj           ######..     1%          4    None


Dungeon Overview and Level Annotations

Branches:
Dungeon (10/15)            Temple (1/1) D:5            Lair (0/6) D:10
    Orc (0/2) D:9

Altars:
Ashenzari
Cheibriados
Dithmenos
Elyvilon
Fedhas
Gozag
Hepliaklqana
Kikubaaqudgha
Makhleb
Nemelex Xobeh
Okawaru
Qazlal
Ru
Sif Muna
Trog
Uskayaw
Vehumet
Wu Jian
Xom
Yredelemnul
Zin
The Shining One

Shops:
D:4 !   D:8 :

Annotations:
D:10 4 runed translucent doors


Message History

Casting: Throw Flame (safe; 1% risk of failure)
Confirm with . or Enter, or press ? or * to list all spells.
Aiming: Conjure Flame (safe; 1% risk of failure)
Press: ? - help, Dir - move target cursor You feel a surge of power!
You see a ghostly outline there, and the spell fizzles.
Something hits you. Something hits you.
* * * LOW HITPOINT WARNING * * *
Something hits you but does no damage.
You fade into invisibility!
Something hits you.
* * * LOW HITPOINT WARNING * * *
Something hits you.
* * * LOW HITPOINT WARNING * * *
You are very lightly contaminated with residual magic.
Something hits you.
* * * LOW HITPOINT WARNING * * *
Something hits you!
You die...

.##.#
##.......P...#.#
......o........# #.#
.......>.......# #.#
#..............# #.#
#...P...O...#.# #.#
#.........##.###.##
#.....# ##@.##..##
#.....###...#....#
#....Oh....).....##
#..######..######..#
#.# ####....##)# .h.
#..###.#.# #..
#.##.#.#.# ##
#.#.##.#.# ### ##
#.##.#.#.#


There were no monsters in sight!

Vanquished Creatures
  Erica (D:8)
  A two-headed ogre (D:8)
  Pikel (D:8)
  3 ugly things
  4 centaur zombies (D:10)
  Psyche (D:8)
  A troll (D:9)
  A hippogriff (D:8)
  A human (D:8)
  2 wargs (D:10)
  Menkaure (D:6)
  5 orc warriors
  A sky beast (D:6)
  3 slaves (D:8)
  An eye of draining (D:10)
  An ice beast (D:9)
  3 phantoms
  A necrophage (D:5)
  An ogre (D:4)
  6 centaurs
  A crocodile (D:9)
  Blork the orc (D:6)
  5 bullfrogs
  A big kobold (D:8)
  A gnoll sergeant (D:9)
  A wyvern zombie (D:9)
  A water moccasin skeleton (D:8)
  5 scorpions
  7 killer bees (D:10)
  A howler monkey (D:9)
  A bullfrog zombie (D:10)
  A quasit (D:9)
  5 jellies
  Crazy Yiuf (D:6)
  8 orc priests
  3 hounds
  3 bullfrog skeletons
  A centaur skeleton (D:7)
  3 iguanas
  12 orc wizards
  8 worker ants
  A hound skeleton (D:5)
  A howler monkey zombie (D:8)
  12 gnolls
  10 adders
  2 shadow imps
  An adder zombie (D:7)
  2 worms (D:3)
  3 dart slugs
  4 leopard geckos
  32 orcs
  7 bats
  8 giant cockroaches
  10 goblins
  9 hobgoblins
  7 jackals
  14 kobolds
  4 quokkas
  A ball python (D:4)
  A ball python skeleton (D:4)
  3 frilled lizards (D:2)
  A jackal skeleton (D:5)
  A leopard gecko skeleton (D:5)
  12 rats
  A fungus (D:6)
256 creatures vanquished.

Vanquished Creatures (others)
  A slave (D:8)
  5 fulminant prisms
6 creatures vanquished.

Grand Total: 262 creatures vanquished

Notes
Turn   | Place    | Note
-------+----------+-------------------------------------------
     0 | D:1      | snowfan the Deep Elf Fire Elementalist began the quest for
                  | the Orb.
     0 | D:1      | Reached XP level 1. HP: 10/10 MP: 6/6
   409 | D:1      | Reached skill level 4 in Spellcasting
   409 | D:1      | Reached XP level 2. HP: 15/15 MP: 7/9
   413 | D:1      | Learned a level 2 spell: Throw Flame
  1084 | D:2      | Reached XP level 3. HP: 19/19 MP: 9/11
  1808 | D:2      | Reached XP level 4. HP: 21/24 MP: 10/12
  2179 | D:3      | Learned a level 3 spell: Conjure Flame
  2183 | D:3      | Learned a level 3 spell: Inner Flame
  2251 | D:3      | Reached skill level 5 in Spellcasting
  2810 | D:3      | Reached XP level 5. HP: 28/28 MP: 11/14
  3294 | D:3      | Reached skill level 6 in Spellcasting
  4066 | D:4      | Reached XP level 6. HP: 29/32 MP: 2/17
  4249 | D:4      | Found Gesum's Distillery.
  4282 | D:5      | Entered Level 5 of the Dungeon
  4733 | D:5      | Reached skill level 5 in Dodging
  4910 | D:5      | Reached skill level 5 in Fire Magic
  5087 | D:5      | Found a staircase to the Ecumenical Temple.
  5095 | Temple   | Entered the Ecumenical Temple
  5119 | Temple   | Became a worshipper of Vehumet
  6009 | D:5      | Reached XP level 7. HP: 36/36 MP: 14/19
  6463 | D:6      | Noticed Menkaure
  6467 | D:6      | Killed Menkaure
  6467 | D:6      | Reached skill level 7 in Spellcasting
  6587 | D:6      | Noticed a white ugly thing
  6653 | D:6      | Learned a level 4 spell: Sticky Flame
  6851 | D:4      | Reached XP level 8. HP: 32/41 MP: 1/21
  7021 | D:4      | Bought 2 potions of curing for 78 gold pieces
  7021 | D:4      | Bought a potion of haste for 130 gold pieces
  7368 | D:6      | Noticed Blork the orc
  7441 | D:6      | Killed Blork the orc
  7665 | D:6      | Learned a level 3 spell: Dazzling Spray
  7775 | D:6      | Reached * piety under Vehumet
  7775 | D:6      | Offered knowledge of Freeze by Vehumet.
  7775 | D:6      | Reached skill level 1 in Hexes
  7836 | D:6      | Killed a purple ugly thing
  7836 | D:6      | Reached skill level 8 in Spellcasting
  8169 | D:6      | Found a runed translucent door.
  8170 | D:6      | Noticed Crazy Yiuf
  8176 | D:6      | Killed Crazy Yiuf
  8700 | D:7      | Reached XP level 9. HP: 45/45 MP: 20/23
  9081 | D:8      | Reached skill level 5 in Conjurations
  9440 | D:8      | Reached ** piety under Vehumet
  9467 | D:8      | Noticed a green ugly thing
  9472 | D:8      | Killed a green ugly thing
  9472 | D:8      | Offered knowledge of Sting by Vehumet.
  9473 | D:8      | Noticed a two-headed ogre
  9758 | D:8      | Learned a level 5 spell: Fireball
  9811 | D:8      | Noticed Psyche
  9963 | D:8      | Killed Psyche
  9963 | D:8      | Reached skill level 9 in Spellcasting
  9963 | D:8      | Reached XP level 10. HP: 50/50 MP: 12/25
 10070 | D:8      | Noticed Erica
 10105 | D:8      | Learned a level 4 spell: Fulminant Prism
 10119 | D:8      | Killed Erica
 10119 | D:8      | Reached skill level 10 in Spellcasting
 10183 | D:8      | Noticed Pikel
 10190 | D:8      | Killed Pikel
 10190 | D:8      | Reached skill level 11 in Spellcasting
 10202 | D:8      | Killed a two-headed ogre
 10444 | D:8      | Reached skill level 12 in Spellcasting
 10525 | D:8      | Found Ajaat's Book Shoppe.
 10538 | D:8      | Found a deep blue altar of Sif Muna.
 10907 | D:9      | Found a staircase to the Orcish Mines.
 10908 | D:9      | Noticed a brown ugly thing
 10914 | D:9      | Killed a brown ugly thing
 10982 | D:8      | Offered knowledge of Static Discharge by Vehumet.
 10987 | D:8      | Learned a level 3 spell: Static Discharge
 12599 | D:10     | Entered Level 10 of the Dungeon
 12665 | D:10     | Noticed an orc knight
 12666 | D:10     | Found a large runed translucent door.
 12666 | D:10     | Found a large runed translucent door.
 12671 | D:10     | Found a large runed translucent door.
 12671 | D:10     | Found a large runed translucent door.
 12688 | D:10     | Reached *** piety under Vehumet
 12699 | D:10     | Reached XP level 11. HP: 25/54 MP: 6/29
 13101 | D:10     | Reached skill level 10 in Conjurations
 13140 | D:10     | Reached skill level 10 in Fire Magic
 13433 | D:10     | Offered knowledge of Ignite Poison by Vehumet.
 13445 | D:10     | Found a staircase to the Lair.
 13457 | D:10     | HP: 2/54 [something (4)]
 13458 | D:10     | Mangled by an unseen horror

Levels and vault maps discovered:
D:1:      minmay_arrival_semitransparent, layout_loops_cross
D:2:      layout_rooms
D:3:      layout_loops_corners, first_ration
D:4:      layout_basic, serial_shops, shop
D:5:      layout_basic, minmay_temple_entry_statues_pillars
D:6:      layout_loops_ring, minmay_misc_feat_secret_circle, uniq_blork_the_orc,
          uniq_crazy_yiuf_cottage, uniq_menkaure
D:7:      layout_loops_cross
D:8:      layout_loops_ring, led_sif_pool, serial_shops, nicolae_shop_crystal,
          enter_ossuary_1, grunt_pizzeria, uniq_erica, uniq_psyche, uniq_pikel
D:9:      layout_layer_cave, david_orc_3
D:10:     layout_loops_ring, erik_lair_orcish_takeover,
          chequers_serial_rivers_micro_e, minmay_hollow_rounded_squares
Temple:   nicolae_temple_the_god_donut

Skill      XL: |  1  2  3  4  5  6  7  8  9 10 11 |
---------------+----------------------------------+-----
Spellcasting   | 4 5 6 7 8 9 12 | 12.2
Dodging        | 3 4 5 7 9 |  9.6
Fire Magic     | 4 5 6 8 9 10 | 10.1
Hexes          | 3 |  3.0
Conjurations   | 2 9 10 | 10.1
Stealth        | |  2.4

Action                   |  1- 3 |  4- 6 |  7- 9 | 10-12 || total
-------------------------+-------+-------+-------+-------++-------
Melee: Short sword       |    26 |     8 |    35 |    13 ||    82
Throw: Stone             |     2 |       |       |    11 ||    13
 Cast: Flame Tongue      |    32 |    66 |    52 |     1 ||   151
       Throw Flame       |    19 |    50 |   121 |    21 ||   211
       Conjure Flame     |       |    14 |    22 |     3 ||    39
       Inner Flame       |       |     4 |     4 |     1 ||     9
       Sticky Flame      |       |       |     4 |    13 ||    17
       Dazzling Spray    |       |       |     4 |     6 ||    10
       Fireball          |       |       |     3 |    55 ||    58
       Fulminant Prism   |       |       |       |     5 ||     5
       Static Discharge  |       |       |       |     3 ||     3
  Use: Potion            |     2 |     1 |     5 |     2 ||    10
       Scroll            |       |     1 |     2 |     2 ||     5
 Stab: Sleeping          |     2 |       |     2 |       ||     4
  Eat: Chunk             |     3 |    12 |    13 |    12 ||    40
       Ration            |       |       |       |     1 ||     1
Armor: Robe              |     2 |     1 |     1 |     5 ||     9
       Skin              |     4 |       |     8 |     1 ||    13
Dodge: Dodged            |    18 |    14 |    35 |    39 ||   106

Table legend:
 A = Non-vault XP
 B = Vault XP
 C = Vault XP percentage of total XP
 D = Non-vault monster count
 E = Vault monster count
 F = Vault count percentage of total count
                 A         B        C        D         E       F
            +---------+---------+-------+---------+---------+-------
      Total |    8935 |    4732 |  34.6 |     225 |      27 |  10.7
            +---------+---------+-------+---------+---------+-------
        D:1 |      30 |       0 |   0.0 |      15 |       0 |   0.0
        D:2 |      84 |       0 |   0.0 |      34 |       0 |   0.0
        D:3 |     229 |       0 |   0.0 |      30 |       0 |   0.0
        D:4 |     360 |       0 |   0.0 |      17 |       0 |   0.0
        D:5 |     375 |       0 |   0.0 |      20 |       0 |   0.0
        D:6 |    1111 |     298 |  21.1 |      16 |       3 |  15.8
        D:7 |     657 |       0 |   0.0 |      18 |       0 |   0.0
        D:8 |    3161 |    2235 |  41.4 |      38 |       4 |   9.5
        D:9 |    1870 |     300 |  13.8 |      23 |       6 |  20.7
       D:10 |    1058 |    1899 |  64.2 |      14 |      14 |  50.0
            +---------+---------+-------+---------+---------+-------
